 Dungeon Sprint DCSS version 0.21.1-1-g345015f (webtiles) character file.

102 Fang the Skirmisher (level 4, 0/48 HPs)
             Began as a Gargoyle Berserker on May 25, 2018.
             Was a Priest of Trog.
             Killed from afar by a deep elf mage (25 damage)
             ... with a bolt of fire
             ... in the Dungeon (Sprint III: "The Ten Rune Challenge").
             The game lasted 00:01:18 (309 turns).

Fang the Skirmisher (Gargoyle Berserker)             Turns: 309, Time: 00:01:19

Health: 0/48       AC:  5    Str: 26    XL:     4   Next: 78%
Magic:  4/4        EV: 12    Int:  8    God:    Trog [***...]
Gold:   0          SH:  0    Dex:  9    Spells: 3/3 levels left

rFire    . . .     SeeInvis .   a - +0 hand axe
rCold    . . .     Gourm    .   (no shield)
rNeg     + . .     Faith    .   b - +0 animal skin
rPois    ∞         Spirit   .   (no helmet)
rElec    +         Reflect  .   (no cloak)
rCorr    .         Harm     .   (no gloves)
MR       .....     NoTele   +   (no boots)
Stlth    ..........             (no amulet)
HPRegen  0.16/turn              (no ring)
MPRegen  0.09/turn              (no ring)

@: berserking, very quick
A: negative energy resistance 1, electricity resistance, unbreathing,
petrification resistance, rot immunity, AC +3
a: Berserk, Trog's Hand, Burn Spellbooks, Renounce Religion


You were in the Dungeon.
You worshipped Trog.
Trog was most pleased with you.
You were hungry.

You visited 1 branch

Inventory:

Hand Weapons
 a - a +0 hand axe (weapon)
Armour
 b - a +0 animal skin (worn)
Scrolls
 i - a scroll of blinking
 j - a scroll of remove curse {unknown}
 k - a scroll of identify {unknown}
Potions
 d - a potion of curing
 e - a potion of heal wounds
 f - a potion of haste
 g - 2 potions of magic
 h - a potion of berserk rage
Comestibles
 c - a ration
 l - 2 chunks of flesh


   Skills:
 + Level 6.8 Fighting
 + Level 5.8 Axes
 + Level 3.8 Armour
 + Level 2.7 Dodging
 + Level 1.5 Stealth


You had 3 spell levels left.
You didn't know any spells.

Dungeon Overview and Level Annotations

Branches:
Dungeon (1/1)

Altars:
Elyvilon
Zin
The Shining One


Innate Abilities, Weirdness & Mutations

You are resistant to torment.
Your stone body is resilient. (AC +3)
You are immune to poison.
You resist negative energy. (rN+)
You are resistant to electric shocks. (rElec)
You can survive without breathing.
You are immune to petrification.
You are immune to rotting.


Message History

The deep elf mage casts a spell.
You barely miss the fire elemental. You completely miss the deep elf mage.
You barely miss the fire elemental. You slash the deep elf mage!
The fire elemental hits you. The fire elemental burns you!
The deep elf mage closely misses you.
You hit the deep elf mage.
The deep elf mage is moderately wounded.
You slash the fire elemental! The fire elemental barely misses you.
The deep elf mage mumbles some strange words.
You slash the fire elemental!
The fire elemental is severely damaged.
You hit the deep elf mage. The fire elemental hits you.
The fire elemental burns you!
You slash the fire elemental!
The fire elemental is almost destroyed.
You closely miss the deep elf mage. The fire elemental closely misses you.
The deep elf mage points at you and mumbles some strange words.
The bolt of fire hits you!
Ouch! That really hurt!
You die...

▓▓▓▓ ▓▓▓ ...####
##.##### ......##
#..#_E_# ...[...#
#..#Ee@# #.##...#
#..###'#+###+# #.###..#
+#..#.......... ##.##..#
#...'.⌠........
..##..####...#...######+
..##..###....#.⌠.#
.##...##÷....#...#
##....#......#+###
##..##.#.....#


You could see a deep elf mage and 2 fire elementals.

Vanquished Creatures
  A water elemental (D)
  Jessica (D)
  A human (D)
  A phantom (D)
  3 rats (D)
7 creatures vanquished.

Vanquished Creatures (others)
  2 draconian scorchers (D)
  5 hellions (D)
  A yaktaur (D)
  An electric eel (D)
9 creatures vanquished.

Grand Total: 16 creatures vanquished

Notes
Turn   | Place    | Note
-------+----------+-------------------------------------------
     0 | D        | Fang the Gargoyle Berserker began the quest for the Orb.
     0 | D        | Reached XP level 1. HP: 14/14 MP: 1/1
    24 | D        | Killed a yaktaur
    27 | D        | Noticed Jessica
    33 | D        | Killed Jessica
    33 | D        | Reached ** piety under Trog
    33 | D        | Reached skill level 5 in Fighting
    33 | D        | Reached XP level 2. HP: 21/21 MP: 2/2
    33 | D        | Reached XP level 3. HP: 26/26 MP: 3/3
    86 | D        | Killed a hellion
   109 | D        | Killed a hellion
   112 | D        | Killed a hellion
   124 | D        | Killed a hellion
   142 | D        | Killed a white draconian scorcher
   155 | D        | Killed a hellion
   191 | D        | Killed a white draconian scorcher
   200 | D        | Reached skill level 1 in Stealth
   202 | D        | Reached *** piety under Trog
   250 | D        | Noticed a water elemental
   255 | D        | Killed a water elemental
   255 | D        | Reached skill level 6 in Fighting
   255 | D        | Reached skill level 5 in Axes
   255 | D        | Reached XP level 4. HP: 32/32 MP: 4/4
   298 | D        | Found a glowing silver altar of Zin.
   298 | D        | Found a glowing golden altar of the Shining One.
   298 | D        | Found a white marble altar of Elyvilon.
   299 | D        | Noticed a deep elf mage
   305 | D        | Noticed a fire elemental
   308 | D        | Noticed a fire elemental
   309 | D        | Killed from afar by a deep elf mage

Skill      XL: |  1  2  3 |
---------------+----------+-----
Axes           | 4 5 |  5.8
Fighting       | 5 6 |  6.8
Dodging        | 2 |  2.7
Armour         | 3 |  3.8
Stealth        | 1 |  1.5

Action                   |  1- 3 |  4- 6 || total
-------------------------+-------+-------++-------
Melee: Hand axe          |    18 |     8 ||    26
Invok: Berserk           |     3 |     1 ||     4
 Stab: Sleeping          |     1 |       ||     1
  Eat: Chunk             |       |     1 ||     1
Armor: Animal skin       |     4 |     2 ||     6
Dodge: Dodged            |     8 |     3 ||    11
